 Dungeon Crawl Stone Soup version 0.27.1-34-g3ba077fa99 (webtiles) character file.

Game seed: 445637485077130306

447 orestlenczyk the Shield-Bearer (level 6, 0/53 HPs)
             Began as a Minotaur Fighter on Jan 22, 2022.
             Slain by Dowan (1 damage)
             ... on level 4 of the Dungeon.
             The game lasted 00:08:33 (3001 turns).

orestlenczyk the Shield-Bearer (Minotaur Fighter)   Turns: 3001, Time: 00:08:34

Health: 0/53       AC:  7    Str: 22    XL:     6   Next: 73%
Magic:  5/5        EV:  8    Int:  5    God:
Gold:   206        SH: 10    Dex: 10    Spells: 5/5 levels left

rFire    . . .     SeeInvis .   a - +0 flail
rCold    . . .     Faith    .   c - +0 kite shield
rNeg     . . .     Spirit   .   b - +0 scale mail
rPois    +         Reflect  .   (helmet restricted)
rElec    .         Harm     .   (no cloak)
rCorr    .         Rampage  .   (no gloves)
Will     .....                  (no boots)
Stlth    ..........             (no amulet)
HPRegen  0.17/turn              g - ring of poison resistance
MPRegen  0.09/turn              (no ring)

@: mighty
A: horns 2, retaliatory headbutt
a: no special abilities


You were on level 4 of the Dungeon.
You visited 1 branch of the dungeon, and saw 4 of its levels.

You collected 206 gold pieces.

Inventory:

Hand Weapons
 a - a +0 flail (weapon)
Armour
 b - a +0 scale mail (worn)
 c - a +0 kite shield (worn)
Jewellery
 g - a ring of poison resistance (left hand)
Scrolls
 e - a scroll of amnesia {unknown}
 i - 3 scrolls of vulnerability {unknown}
 j - 5 scrolls of identify {unknown}
 k - a scroll of magic mapping {unknown}
 l - a scroll of teleportation {unknown}
 o - a scroll of brand weapon {unknown}
Potions
 d - 2 potions of might
 f - a potion of lignification {unknown}
 h - 2 potions of attraction {unknown}
 m - a potion of degeneration {unknown}
 n - a potion of resistance {unknown}
 p - a potion of invisibility


   Skills:
 + Level 4.7 Fighting
 + Level 5.0 Maces & Flails
 + Level 5.5 Armour
 + Level 1.5 Dodging
 + Level 0.6 Stealth
 + Level 5.6 Shields


You had 5 spell levels left.
You didn't know any spells.
Your spell library was empty.

Dungeon Overview and Level Annotations

Branches:
Dungeon (4/15)
 Temple: D:4-7

Altars:
Vehumet
Wu Jian

Annotations:
D:4 Dowan


Innate Abilities, Weirdness & Mutations

You have a pair of horns on your head.
You reflexively headbutt those who attack you in melee.


Message History

* * * LOW HITPOINT WARNING * * *
You miss something. You block something's attack.
You barely miss something. You headbutt something!!
Dowan screams, "No!
Oh no!"
Dowan seems to find hidden reserves of power!
Reactivating autopickup.
You feel a bit more experienced. You block Dowan's attack.
Your Maces & Flails skill increases to level 5!
You closely miss Dowan. You headbutt Dowan.
Dowan is almost dead.
You block Dowan's attack.
Dowan breathes, "And she was my only..."
Dowan mumbles some strange words.
Dowan blinks!
Dowan gestures wildly while chanting.
Dowan blinks!
p - a potion of invisibility
Things that are here:
a +0 short sword; a +0 ring mail; the elf corpse of Duvessa Dowan casts a spell.
Dowan blinks!
Dowan gestures wildly while chanting.
Dowan blinks!
You are no longer glowing.
Dowan casts a spell.
Dowan blinks!
You see here 4 gold pieces.
You are now empty-handed.
a - a +0 flail (weapon)
Dowan mumbles some strange words.
Dowan blinks!
You see here 4 gold pieces.
Dowan casts a spell at you. The shard of ice hits you!
* * * LOW HITPOINT WARNING * * *
Dowan casts a spell.
Dowan blinks!
You block Dowan's attack. Dowan hits you with a +0 dagger.
You die...

##### ... #...# ..≈.
#####...# ######..≈.
........# ##...#...≈.
........###........≈.
.......@##...........
.....#..e............
..∩..#.##?..$......≈.
....................≈.
#.....#..#..........≈.
#........#.###..#...≈.
....... #.##...#.....
.....####(##)#.......
##
##........##.#....._.


You could see Dowan (fast).

Vanquished Creatures
  Sigmund (D:2)
  Duvessa (D:4)
  A bullfrog zombie (D:3)
  A hound (D:3)
  Crazy Yiuf (D:2)
  Natasha (D:4)
  4 adders
  A worm (D:3)
  A dart slug (D:2)
  An orc (D:3)
  7 ball pythons
  A bat (D:2)
  5 endoplasms
  A giant cockroach (D:4)
  9 goblins
  6 hobgoblins
  3 jackals (D:2)
  4 quokkas
  A frilled lizard (D:1)
  6 kobolds
  3 rats
59 creatures vanquished.

Notes
Turn   | Place    | Note
-------+----------+-------------------------------------------
     0 | D:1      | orestlenczyk the Minotaur Fighter began the quest for the
                  | Orb.
     0 | D:1      | Reached XP level 1. HP: 19/19 MP: 0/0
   278 | D:1      | Reached XP level 2. HP: 27/27 MP: 1/1
  1305 | D:2      | Noticed Sigmund
  1327 | D:2      | Killed Sigmund
  1328 | D:2      | Reached skill level 5 in Armour
  1328 | D:2      | Reached XP level 3. HP: 4/34 MP: 2/2
  1328 | D:2      | Reached XP level 4. HP: 5/41 MP: 3/3
  1328 | D:2      | Reached XP level 5. HP: 5/47 MP: 4/4
  1694 | D:2      | Found a runed translucent door.
  1695 | D:2      | Noticed Crazy Yiuf
  1826 | D:2      | Reached skill level 1 in Dodging
  1993 | D:2      | Reached skill level 5 in Shields
  2289 | D:2      | Killed Crazy Yiuf
  2358 | D:3      | Reached XP level 6. HP: 50/53 MP: 5/5
  2891 | D:4      | Found an ornate altar of the Wu Jian Council.
  2911 | D:4      | Noticed Natasha
  2922 | D:4      | Killed Natasha
  2958 | D:4      | Noticed Duvessa
  2958 | D:4      | Noticed Dowan
  2967 | D:4      | Found a radiant altar of Vehumet.
  2980 | D:4      | Killed Duvessa
  2981 | D:4      | Reached skill level 5 in Maces & Flails
  2997 | D:4      | HP: 1/53 [Dowan/shard of ice (11)]
  3001 | D:4      | Slain by Dowan

Illustrated notes

Levels and vault maps discovered:
D:1:      kilobyte_arrival_exit_the_forest, layout_basic, minmay_misc_feat_tiny,
          minmay_tiny_reverse_x
D:2:      layout_loops_ring, minmay_domino_4, uniq_sigmund,
          uniq_crazy_yiuf_cottage
D:3:      layout_rooms
D:4:      layout_rooms, mainiacjoe_overflow_boulevard,
          nicolae_wu_jian_immortal_techniques, st_stairs_10, abandoned_shop,
          grunt_ministairs_6, uniq_eustachio, uniq_duvessa, uniq_natasha

Skill      XL: |  1  2  3  4  5  6 |
---------------+-------------------+-----
Armour         | 4 5 |  5.5
Fighting       | 4 |  4.7
Shields        | 4 5 |  5.6
Maces & Flails | 3 4 5 |  5.0
Dodging        | 1 |  1.5
Stealth        | |  0.6

Action                   |  1- 3 |  4- 6 || total
-------------------------+-------+-------++-------
Melee: Flail             |    56 |   102 ||   158
       Headbutt          |     5 |    15 ||    20
  Use: Potion            |       |     1 ||     1
Armor: Scale mail        |    24 |    36 ||    60
Dodge: Dodged            |    15 |    34 ||    49
Block: Kite shield       |    24 |    67 ||    91
